 Dungeon Crawl Stone Soup version 0.28.0-43-g3370ac3207 (webtiles) character file.

Game seed: 6119001778057382368

18024 pkoi the Destroyer (level 11, -1/82 HPs)
             Began as a Demigod Conjurer on Mar 27, 2022.
             Killed from afar by a rime drake (16 damage)
             ... with a flash freeze
             ... on level 4 of the Lair of Beasts.
             The game lasted 00:36:40 (24525 turns).

pkoi the Destroyer (Demigod Conjurer)              Turns: 24525, Time: 00:36:40

Health: -1/82      AC:  9    Str:  8    XL:     11   Next: 98%
Magic:  18/25      EV: 17    Int: 32    God:
Gold:   609        SH:  0    Dex: 12    Spells: 5/23 levels left

rFire   + . .      SeeInvis .   B - +2 dagger (venom)
rCold   x . .      Faith    .   (no shield)
rNeg    + . .      Spirit   .   C - +2 robe {rN+}
rPois   +          Reflect  .   (no helmet)
rElec   .          Harm     .   A - +1 cloak {Will+}
rCorr   .          Rampage  .   F - +0 pair of gloves
Will    ++++.                   r - +1 pair of boots
Stlth   ++........              (no amulet)
HPRegen 0.23/turn               n - ring "Cesmaw" {Fire rPois Will++ Str-4 Int+4}
MPRegen 0.19/turn               a - +4 ring of evasion

@: no status effects
A: high MP 1, forlorn, divine attributes
a: no special abilities


You were on level 4 of the Lair of Beasts.
You visited 3 branches of the dungeon, and saw 14 of its levels.

You collected 724 gold pieces.
You spent 115 gold pieces at shops.

Inventory:

Hand Weapons
 b - a +0 dagger of freezing
 f - a +1 whip of venom
 l - a +2 whip of electrocution
 o - a +0 dagger of speed
 B - a +2 dagger of venom (weapon)
Missiles
 h - 7 boomerangs
 v - 5 throwing nets
 E - a curare-tipped dart
Armour
 r - a +1 pair of boots (worn)
 A - a +1 cloak of willpower (worn)
 C - a +2 robe of positive energy (worn)
 F - a +0 pair of gloves (worn)
Magical Staves
 i - a staff of fire
 j - a staff of cold
 H - a staff of conjuration
Jewellery
 a - a +4 ring of evasion (right hand)
 n - the ring "Cesmaw" (left hand) {Fire rPois Will++ Str-4 Int+4}
   (You acquired it on level 3 of the Dungeon)

   [ring of fire]

   It enhances your fire magic.
   Str:       It affects your strength (-4).
   Int:       It affects your intelligence (+4).
   rF:        It protects you from fire.
   rC:        It makes you vulnerable to cold.
   rPois:     It protects you from poison.
   Will:      It greatly increases your willpower.
Wands
 p - a wand of paralysis (13)
 s - a wand of flame (58)
 z - a wand of acid (5)
 I - a wand of iceblast (1)
 L - a wand of digging (5)
Scrolls
 d - 7 scrolls of teleportation
 g - 3 scrolls of blinking
 u - a scroll of magic mapping
 x - a scroll of enchant armour
 y - a scroll of brand weapon
 D - a scroll of fog {unknown}
 G - a scroll of identify
 J - a scroll of fear
Potions
 c - 3 potions of lignification
 e - 7 potions of curing
 k - 5 potions of might
 m - 2 potions of brilliance
 q - a potion of flight
 t - 3 potions of heal wounds
 w - a potion of haste
 K - a potion of cancellation {unknown}


   Skills:
 + Level 3.3 Fighting
 + Level 3.7 Dodging
 + Level 4.2 Stealth
 + Level 6.9 Spellcasting
 * Level 12.1 Conjurations
 - Level 7.0 Hexes
 + Level 2.6 Summonings
 - Level 8.0 Translocations
 - Level 1.0 Ice Magic
 + Level 1.2 Air Magic


You had 5 spell levels left.
You knew the following spells:

 Your Spells              Type           Power      Damage    Failure   Level
a - Magic Dart            Conj           100%       1d8       1%          1
b - Searing Ray           Conj           100%       2d8       1%          2
c - Iskenderun's Mystic   Conj/Tloc      66%        2d14      1%          4
d - Fulminant Prism       Conj/Hex       32%        3d16      1%          4
e - Summon Guardian Gole  Hex/Summ       42%        N/A       1%          3
f - Airstrike             Air            9%         N/A       26%         4

Your spell library contained the following spells:

 Spells                   Type           Power      Damage    Failure   Level
 Shock                    Conj/Air       100%       1d9       1%          1
 Slow                     Hex            100%       N/A       1%          1
 Confusing Touch          Hex            54%        N/A       1%          3
 Dazzling Flash           Conj/Hex       100%       N/A       1%          3
 Cause Fear               Hex            27%        N/A       2%          4
 Swiftness                Air            18%        N/A       8%          3
 Frozen Ramparts          Ice            34%        1d5       9%          3
 Vampiric Draining        Necr           11%        2d6       13%         3
 Summon Forest            Summ/Tloc      22%        N/A       13%         5
 Summon Mana Viper        Hex/Summ       42%        N/A       16%         5
 Summon Ice Beast         Ice/Summ       22%        N/A       21%         4
 Ice Form                 Ice/Tmut       14%        N/A       34%         4
 Orb of Destruction       Conj           36%        9d11      24%         7
 Spellforged Servitor     Conj/Summ      27%        N/A       86%         7
 Summon Cactus Giant      Summ           14%        N/A       91%         6
 Dragon Form              Tmut           5%         N/A       100%        7
 Dragon's Call            Summ           14%        N/A       100%        9


Dungeon Overview and Level Annotations

Branches:
Dungeon (10/15)            Temple (1/1) D:6            Lair (2/6) D:10
  Swamp (0/4) Lair:2
  Snake: Lair:2-4    Spider: Lair:2-4       Orc: D:9-12

Shops:
D:2 *[?!


Innate Abilities, Weirdness & Mutations

You have an increased reservoir of magic. (+10% MP)
You shall have no god before yourself.
Your divine heritage dramatically boosts your attributes as you level up.


Message History

You erupt in a blast of force!
The mystic blast hits the wolf!!
The wolf is almost dead.
The wolf is knocked back by the mystic blast.
The mystic blast hits the wolf!!
You kill the wolf!
The mystic blast hits the wolf!!
The wolf is almost dead.
The wolf is knocked back by the mystic blast.
You hear a howl!
You hear an angry hiss.
You hear a trumpeting!
You hear an angry hiss.
Unknown command.
You hit the wolf.
You kill the wolf!
You barely miss the wolf.
The wolf is almost dead.
The wolf closely misses you. The wolf completely misses you.
Unknown command.
You hit the wolf.
The wolf is poisoned.
The wolf is almost dead.
You kill the wolf!
The wolf closely misses you. The wolf barely misses you.
Unknown command.
You barely miss the wolf.
The wolf is lightly wounded.
The wolf bites you but does no damage. The wolf completely misses you.
Unknown command.
You miss the wolf.
The wolf is lightly wounded.
The wolf completely misses you.
You hit the wolf but do no damage.
The wolf is poisoned.
The wolf is lightly wounded.
The wolf misses you. The wolf closely misses you.
The elephant trumpets!
The rime drake hisses angrily.
You hit the wolf.
The wolf is moderately wounded.
The wolf bites you!
* * * LOW HITPOINT WARNING * * *
The rime drake breathes ice at you. The flash freeze hits you!
You feel a painful chill!
You die...

..$....
.#........#..##
......
.#........#.....
...##
.#.#...........
..##
.............
..###
#...#..P..##
..#.#
#.........#
....##
#........##
.....##
#h†..k....#
......##
#@##......#
#..[...###
###.......#
.†.†.....###
#....h.....P
.†.......P.#
##....h.....
.###.......#
#......h... .
###.....#
#....PP.... .
###...###
#####.P.... .
#.....Y.####
..###. .
#P....#.....###
#>#


You could see a rime drake (catching breath) and a wolf (very poisoned).

Vanquished Creatures
  Harold (D:7)
  2 hydras (Lair:1)
  3 two-headed ogres (D:9)
  A death yak (D:10)
  Pikel (D:5)
  A cyclops (D:9)
  An elephant (Lair:4)
  A black mamba (Lair:1)
  A gargoyle (D:10)
  A rime drake (Lair:1)
  A cane toad (Lair:2)
  A komodo dragon (D:6)
  A troll (D:8)
  Sigmund (D:2)
  A vampire (D:9)
  18 yaks
  2 basilisks (Lair:1)
  3 wyverns
  A steam dragon (Lair:2)
  A vampire mosquito (D:7)
  Menkaure (D:4)
  An acid dragon (D:10)
  4 water moccasins
  3 orc warriors
  A sky beast (D:8)
  A black bear (D:6)
  A necrophage (D:8)
  3 ogres
  10 wolves
  2 ice beasts
  10 centaurs
  3 lemures
  2 kobold brigands (D:9)
  4 gnoll sergeants
  6 bullfrogs
  4 scorpions
  6 killer bees (D:8)
  9 electric eels (D:9)
  2 howler monkeys
  5 centaur zombies
  A crimson imp (D:4)
  A bullfrog skeleton (D:6)
  2 jellies
  4 orc priests
  Crazy Yiuf (D:7)
  2 centaur skeletons
  A hound (D:6)
  An iguana (D:7)
  12 orc wizards
  A killer bee zombie (D:6)
  22 gnolls
  11 adders
  A shadow imp (D:5)
  2 white imps
  3 ufetubi
  An adder skeleton (D:4)
  5 worms
  A dart slug (D:4)
  43 orcs
  7 ball pythons
  5 bats
  6 endoplasms
  4 giant cockroaches
  10 goblins
  10 hobgoblins
  11 jackals
  16 kobolds
  2 quokkas
  4 frilled lizards
  A kobold zombie (D:5)
  A quokka skeleton (D:4)
  4 rats
  A spectral hobgoblin (D:5)
318 creatures vanquished.

Vanquished Creatures (others)
  2 komodo dragons (Lair:1)
  A wyvern (Lair:4)
  A bush (Lair:2)
  61 fulminant prisms
  21 fungi
  92 plants
178 creatures vanquished.

Grand Total: 496 creatures vanquished

Notes
Turn   | Place    | Note
-------+----------+-------------------------------------------
     0 | D:1      | pkoi the Demigod Conjurer began the quest for the Orb.
     0 | D:1      | Reached XP level 1. HP: 14/14 MP: 5/5
   486 | D:1      | Reached XP level 2. HP: 20/22 MP: 1/7
   799 | D:1      | Learned a level 2 spell: Searing Ray
  1027 | D:1      | Reached skill level 4 in Conjurations
  1132 | D:1      | Reached XP level 3. HP: 27/27 MP: 4/8
  1413 | D:1      | Reached skill level 1 in Fighting
  1640 | D:2      | Found Fumurchas's Armour Emporium.
  2124 | D:2      | Reached XP level 4. HP: 35/35 MP: 2/10
  2215 | D:2      | Found Needaj's Magic Scroll Boutique.
  2218 | D:2      | Bought a scroll of blinking for 75 gold pieces
  2218 | D:2      | Bought a scroll of teleportation for 30 gold pieces
  2405 | D:2      | Noticed Sigmund
  2495 | D:2      | Found Muexomp's Assorted Antiques.
  2738 | D:2      | Found Rojuihod's Distillery.
  2747 | D:2      | Bought a potion of degeneration for 10 gold pieces
  3239 | D:3      | Learned a level 4 spell: Iskenderun's Mystic Blast
  3807 | D:3      | Reached XP level 5. HP: 41/41 MP: 7/11
  3807 | D:3      | Identified a scroll of acquirement
  3807 | D:3      | Acquired the ring "Cesmaw" {Fire rPois Will++ Str-4 Int+4}
  4473 | D:4      | Noticed Menkaure
  4479 | D:4      | Killed Menkaure
  4480 | D:4      | Reached skill level 1 in Translocations
  4480 | D:4      | Reached XP level 6. HP: 48/48 MP: 6/12
  5328 | D:5      | Entered Level 5 of the Dungeon
  5328 | D:5      | Noticed a yak
  5330 | D:5      | Noticed a yak
  5330 | D:5      | Noticed a yak
  5473 | D:5      | Noticed a yak
  5473 | D:5      | Noticed a yak
  5737 | D:5      | Noticed a yak
  5779 | D:5      | Noticed Pikel
  5838 | D:4      | Killed a yak
  5839 | D:4      | Reached skill level 5 in Conjurations
  6359 | D:5      | Reached XP level 7. HP: 56/56 MP: 6/14
  7501 | D:6      | Learned a level 4 spell: Fulminant Prism
  7742 | D:6      | Reached skill level 6 in Conjurations
  8231 | D:6      | Reached skill level 1 in Hexes
  8740 | D:6      | Found a staircase to the Ecumenical Temple.
  8748 | Temple   | Entered the Ecumenical Temple
  9217 | D:6      | Reached XP level 8. HP: 62/62 MP: 12/16
  9623 | D:7      | Noticed Harold
  9634 | D:7      | Killed Harold
  9635 | D:7      | Reached skill level 7 in Conjurations
 10171 | D:7      | Found a runed translucent door.
 10172 | D:7      | Noticed Crazy Yiuf
 10177 | D:7      | Killed Crazy Yiuf
 10477 | D:7      | Reached skill level 5 in Translocations
 10768 | D:7      | Reached skill level 8 in Conjurations
 11419 | D:8      | Reached XP level 9. HP: 66/68 MP: 8/17
 12902 | D:8      | Reached skill level 9 in Conjurations
 14307 | D:5      | Reached skill level 5 in Hexes
 14307 | D:5      | Reached XP level 10. HP: 74/74 MP: 4/21
 15061 | D:2      | Killed Sigmund
 15164 | D:6      | Reached skill level 5 in Spellcasting
 15815 | D:6      | Reached skill level 10 in Conjurations
 17243 | D:9      | Noticed a two-headed ogre
 17246 | D:9      | Noticed a two-headed ogre
 17249 | D:9      | Killed a two-headed ogre
 17262 | D:9      | Killed a two-headed ogre
 17707 | D:9      | Noticed a cyclops
 17732 | D:9      | Killed a cyclops
 17812 | D:9      | Noticed a two-headed ogre
 19144 | D:9      | Reached XP level 11. HP: 70/80 MP: 13/23
 19896 | D:9      | Killed a two-headed ogre
 19897 | D:9      | Reached skill level 11 in Conjurations
 20262 | D:10     | Entered Level 10 of the Dungeon
 20303 | D:10     | Noticed a death yak
 20303 | D:10     | Noticed a death yak
 21153 | D:10     | Noticed a death yak
 21154 | D:10     | Noticed a death yak
 21154 | D:10     | Noticed a death yak
 21155 | D:10     | Noticed a death yak
 21163 | D:10     | Killed a death yak
 21703 | D:10     | Learned a level 3 spell: Summon Guardian Golem
 22145 | D:5      | Killed Pikel
 22419 | D:10     | Found a staircase to the Lair.
 22434 | Lair:1   | Entered Level 1 of the Lair of Beasts
 22437 | Lair:1   | Noticed a six-headed hydra
 22442 | Lair:1   | Killed a six-headed hydra
 22443 | Lair:1   | Reached skill level 1 in Summonings
 23323 | Lair:1   | Noticed a seven-headed hydra
 23346 | Lair:1   | Killed a seven-headed hydra
 23400 | Lair:1   | Learned a level 4 spell: Airstrike
 24021 | Lair:2   | Found a staircase to the Swamp.
 24256 | Lair:2   | Reached skill level 1 in Ice Magic
 24351 | Lair:2   | You fall into a shaft and drop 2 floors!
 24360 | Lair:4   | Reached skill level 12 in Conjurations
 24370 | Lair:4   | Noticed a four-headed hydra
 24397 | Lair:4   | Reached skill level 1 in Air Magic
 24525 | Lair:4   | Killed from afar by a rime drake

Illustrated notes

Levels and vault maps discovered:
D:1:      dpeg_arrival_tiny_a, layout_loops_cross, wad_floor_pattern_untrapped
D:2:      kennysheep_big_flooded_room, layout_basic,
          shapermc_ecumenical_altar_acropolis, serial_shops, shop, shop,
          nicolae_shop_behind_doors, nicolae_shop_statue_plus,
          chequers_serial_rivers_small_a, chequers_serial_rivers_micro_c,
          minmay_door_square, uniq_sigmund
D:3:      layout_rooms, mainiacjoe_overflow_small_starburst
D:4:      layout_loops_ring, minmay_fire_ice_demons, uniq_menkaure
D:5:      layout_basic, marbit_many_paths, nicolae_uskayaw_dance_hall,
          nicolae_hepliaklqana_monster_ancestors, grunt_temple_overflow_open,
          enter_ossuary_3, uniq_pikel
D:6:      layout_basic, minmay_temple_entry_glass, centaur_isle
D:7:      nicolae_cairo_tiling_large, layout_basic, bloody_makhleb,
          uniq_crazy_yiuf_cottage, uniq_harold
D:8:      layout_gridville, kennysheep_mini, special_room [special_room_orc]
D:9:      layout_stronghold, nicolae_wu_jian_wuxing_cycle, serial_bayou,
          serial_bayou_ford_a, serial_bayou_lake_a, serial_bayou_pond_a,
          serial_bayou_shore_a, serial_bayou_lagoon_b, nrook_loot_triangle,
          minmay_circle_x
D:10:     layout_cave_pools, mainiacjoe_overflow_paths, dpeg_lair_monsters,
          minmay_misc_feat_encased
Temple:   compressed_dpeg_triangle_lava_temple
Lair:1:   layout_cave_pods, st_stairs_4, grunt_megastairs_4,
          infiniplex_staircase_pool_2, lemuel_fruit_tree
Lair:2:   layout_loops_ring, swamp_mist, guppyfry_snake_entry_island,
          lemuel_fruit_fields
Lair:4:   layout_misc_corridors, grunt_forest_stairs_basic

Skill      XL: |  1  2  3  4  5  6  7  8  9 10 11 |
---------------+----------------------------------+-----
Stealth        | 2 3 4 |  4.2
Dodging        | 2 3 |  3.7
Spellcasting   | 2 3 4 5 6 |  6.9
Conjurations   | 4 5 6 8 9 10 12 | 12.1
Fighting       | 1 2 3 |  3.3
Translocations | 1 2 3 5 6 7 8 |  8.0
Hexes          | 1 3 5 6 7 |  7.0
Summonings     | 2 |  2.6
Ice Magic      | 1 |  1.0
Air Magic      | 1 |  1.2

Action                   |  1- 3 |  4- 6 |  7- 9 | 10-12 || total
-------------------------+-------+-------+-------+-------++-------
Melee: Dagger            |    10 |       |     1 |    21 ||    32
       Whip              |    35 |     6 |     1 |     5 ||    47
       Punch             |     1 |       |       |       ||     1
       Staff             |       |     3 |     5 |       ||     8
 Cast: Magic Dart        |    88 |   136 |   172 |   140 ||   536
       Searing Ray       |     1 |     7 |    13 |     2 ||    23
       Fulminant Prism   |       |       |    10 |    51 ||    61
       Iskenderun's Myst |       |       |    48 |    85 ||   133
       Summon Guardian G |       |       |       |     5 ||     5
Evoke: Wand              |       |       |     8 |     3 ||    11
  Use: Scroll            |       |    10 |     3 |     6 ||    19
 Stab: Sleeping          |     1 |       |     1 |       ||     2
Armor: Robe              |     7 |     9 |    33 |    42 ||    91
Dodge: Dodged            |    25 |    34 |    72 |   143 ||   274
